 Dungeon Crawl Stone Soup version 0.21.0-3-g78d12a8 (webtiles) character file.

379381 Faca the Crack Shot (level 21, -3/194 HPs)
             Began as a Centaur Hunter on Jan 15, 2018.
             Was the Champion of Okawaru.
             Slain by a caustic shrike (24 damage)
             ... on level 2 of the Depths on Jan 16, 2018.
             The game lasted 03:58:20 (66959 turns).

Faca the Crack Shot (Centaur Hunter)               Turns: 66959, Time: 03:58:21

Health: -3/194     AC: 14    Str: 14    XL:     21   Next: 86%
Magic:  27/27      EV: 22    Int:  7    God:    Okawaru [******]
Gold:   3986       SH:  0    Dex: 23    Spells: 20/20 levels left

rFire    + + +     SeeInvis +   U - +8 longbow of Accidental Termination {flame, rF+ Dex+3}
rCold    . . .     Gourm    .   (shield currently unavailable)
rNeg     + + .     Faith    +   o - +3 troll leather armour {Snorg}
rPois    +         Spirit   .   x - +1 helmet
rElec    .         Reflect  .   r - +0 cloak
rCorr    .         Harm     .   i - +2 pair of gloves {archery}
MR       ++...                  J - +4 centaur barding {rF+}
Stlth    +.........             I - amulet of Ginurgh {Faith rN+ Int-3 Dex+4}
HPRegen  0.82/turn              s - ring of Yhyotum {*Contam rPois rN+ SInv}
MPRegen  0.20/turn              L - ring "Kucionoki" {rF+ MR+ Dex-5}

@: corroded, very quick
A: large, hooves 3, deformed body, speed 2, tough skin 3
}: 2/15 runes: barnacled, gossamer
a: Heroism, Finesse, Renounce Religion


You were on level 2 of the Depths.
You worshipped Okawaru.
Okawaru was exalted by your worship.
You were not hungry.

You visited 9 branches of the dungeon, and saw 40 of its levels.
You also visited: Volcano.

You collected 4203 gold pieces.
You spent 217 gold pieces at shops.

Inventory:

Hand Weapons
 G - the +12 shortbow of Boeniucw {speed, rC- MR+ MP+9 Str+2}
   (Okawaru gifted it to you on level 5 of the Lair of Beasts)

   Attacks with this weapon are significantly faster.
   It affects your strength (+2).
   It makes you vulnerable to cold.
   It affects your resistance to hostile enchantments.
   It affects your magic capacity (+9).
 H - a +3 demon trident of electrocution
 M - a +8 longbow of freezing
 N - the +8 storm bow {elec}
   (Okawaru gifted it to you on level 3 of the Vaults)

   It charges the ammunition it shoots with electricity; occasionally upon a
   hit, such missiles may discharge and cause terrible harm.
 S - the +11 shortbow "Qoipn" {velocity, *Corrode rElec rC++}
   (Okawaru gifted it to you on level 14 of the Dungeon)

   Any arrow fired from it inflicts extra damage.
   It greatly protects you from cold.
   It insulates you from electricity.
   It may corrode you when you take damage.
 U - the +8 longbow of Accidental Termination (weapon) {flame, rF+ Dex+3}
   (Okawaru gifted it to you on level 3 of the Depths)

   It causes projectiles fired from it to burn those they strike, causing extra
   injury to most foes and up to half again as much damage against particularly
   susceptible opponents.
   It affects your dexterity (+3).
   It protects you from fire.
Missiles
 d - 941 arrows (quivered)
Armour
 i - a +2 pair of gloves of archery (worn)
 o - a +3 troll leather armour (worn) {Snorg}
 r - a +0 cloak (worn)
 x - a +1 helmet (worn)
 J - a +4 centaur barding of fire resistance (worn)
 R - a +2 centaur barding of flying
 T - the +3 centaur barding "Leedd" {rElec}
   (You acquired it on level 4 of the Spider Nest)

   It insulates you from electricity.
Jewellery
 a - a +3 ring of strength
 s - the ring of Yhyotum (left hand) {*Contam rPois rN+ SInv}
   (You found it on level 9 of the Dungeon)

   [ring of see invisible]

   It protects you from poison.
   It protects you from negative energy.
   It lets you see invisible.
   It causes magical contamination when unequipped.
 C - an uncursed ring of resist corrosion
 I - the amulet of Ginurgh (around neck) {Faith rN+ Int-3 Dex+4}
   (You found it on level 9 of the Dungeon)

   [amulet of faith]

   It allows you to gain divine favour quickly.
   It affects your intelligence (-3).
   It affects your dexterity (+4).
   It protects you from negative energy.
 L - the ring "Kucionoki" (right hand) {rF+ MR+ Dex-5}
   (You found it on level 9 of the Dungeon)

   [ring of dexterity]

   It affects your dexterity (-5).
   It protects you from fire.
   It affects your resistance to hostile enchantments.
 O - an uncursed ring of positive energy
Wands
 p - a wand of iceblast (32)
 w - a wand of clouds (17)
 y - a wand of digging (40)
 P - a wand of disintegration (22)
Scrolls
 b - 5 scrolls of identify
 c - 14 scrolls of teleportation
 g - a scroll of holy word
 h - 2 scrolls of magic mapping
 k - 16 scrolls of remove curse
 l - 2 scrolls of silence
 n - 6 scrolls of fog
 q - 2 scrolls of blinking
 v - 5 scrolls of fear
Potions
 e - 12 potions of brilliance
 j - a potion of might
 m - 6 potions of flight
 t - a potion of berserk rage
 u - 9 potions of mutation
 z - 4 potions of agility
 A - 5 potions of ambrosia
 B - a potion of invisibility
 D - 10 potions of lignification
 E - 10 potions of curing
 F - a potion of heal wounds
 Q - a potion of resistance
Comestibles
 f - 26 rations


   Skills:
 + Level 18.1 Fighting
 - Level 15.0 Polearms
 + Level 25.7 Bows
 + Level 16.7 Dodging
 - Level 0.4 Stealth
 - Level 9.0 Invocations


You had 20 spell levels left.
You didn't know any spells.

Dungeon Overview and Level Annotations

Branches:
Dungeon (15/15)            Temple (1/1) D:6            Lair (6/6) D:9
 Shoals (4/4) Lair:4       Spider (4/4) Lair:3        Slime (0/5) Lair:5
    Orc (2/2) D:10            Elf (0/3) Orc:2        Vaults (4/5) D:14
  Crypt (1/3) Vaults:3     Depths (3/5) D:15

Altars:
Dithmenos
Elyvilon
Gozag
Hepliaklqana
Makhleb
Okawaru
Qazlal
Ru
Sif Muna
Trog
Uskayaw
Wu Jian
Xom
Zin
The Shining One
Beogh

Shops:
D:9 *   D:10 *!   D:15 !   Orc:2 *[:=:   Shoals:1 %%(:   Vaults:2 =
Vaults:3 %   Depths:1 }}=

Portals:
Hell: Depths:1 Depths:2 Depths:3
Abyss: Depths:1
Pandemonium: Depths:3
Ziggurat: Depths:3


Innate Abilities, Weirdness & Mutations

You have hooves in place of feet.
Armour fits poorly on your strangely shaped body.
You cover ground very quickly.
You have extremely tough skin. (AC +3)


Message History

Aim: a caustic shrike (heavily wounded)
You shoot an arrow. The arrow misses the caustic shrike.
The caustic shrike completely misses you.
Firing (i - inventory):
d - 942 arrows (quivered)
Press: ? - help, Shift-Dir - straight line, f/p - caustic shrike
Aim: a caustic shrike (heavily wounded)
You shoot an arrow. The arrow hits the caustic shrike!!
The arrow burns the caustic shrike.
The caustic shrike is severely wounded.
The caustic shrike claws you!
You are splashed with acid!
The acid burns!
The caustic shrike claws you!!
* * * LOW HITPOINT WARNING * * *
The acid corrodes you!
You are splashed with acid!
The acid burns!
* * * LOW HITPOINT WARNING * * *
You feel much better. The caustic shrike claws you!!
* * * LOW HITPOINT WARNING * * *
The acid corrodes you!
You are splashed with acid!
The acid burns!
* * * LOW HITPOINT WARNING * * *
The caustic shrike claws you!!
You die...

#..........# #.....#.....
#(.........# #.....##....
#..........# ###'#.##.#.)
#..........# ####.#.##.#.#
###..........# #....#.##.#.#
##≈≈≈≈≈≈≈.....# #.####......#
##≈≈≈≈≈≈≈≈≈....######...........#
#≈≈≈≈≈≈≈≈≈≈≈.....................
#≈≈≈≈≈≈≈≈≈≈≈...b@................
#≈≈≈≈≈.≈≈≈≈≈.....................
.≈≈≈≈.∩.≈≈≈≈.....................
.≈≈≈≈≈.≈≈≈≈≈..........♣♣♣♣♣♣♣♣♣♣♣
.≈≈≈≈≈≈≈≈≈≈≈........♣♣♣P♣♣..♣..♣♣
.≈≈≈≈≈≈≈≈≈≈≈.#.....♣♣♣♣♣........♣
.#≈≈≈≈≈≈≈≈≈..#....♣♣P♣...P.......
.##≈≈≈≈[≈≈...#....♣♣♣P...........
.###.........#...♣♣........÷...(.


You could see a caustic shrike.

Vanquished Creatures
  Frederick (Vaults:2)
  A pearl dragon (Depths:3)
  A hellephant (Depths:2)
  Rupert (Lair:4)
  A titan (Depths:3)
  A lich (Depths:1)
  Frances (D:12)
  The ghost of severenx the Black Belt, an adept OpBe of Trog (Shoals:1)
  A sphinx (Vaults:2)
  Gastronok (D:11)
  A storm dragon (Vaults:4)
  Polyphemus (Shoals:2)
  3 tengu reavers
  The ghost of mg7810 the Blocker, an adept HOFi of Jiyva (Shoals:4)
  3 fire giants
  6 ghost moths
  An orc warlord (Orc:1)
  8 emperor scorpions
  4 frost giants
  A deep elf sorcerer (Vaults:2)
  9 vault wardens
  A ghoul (Vaults:3)
  7 ironheart preservers
  A spriggan defender (Depths:2)
  3 vampire knights
  15 very ugly things
  10 stone giants
  5 entropy weavers
  An apis (Depths:3)
  An ophan (Depths:3)
  2 deep elf demonologists (Vaults:1)
  Nessos (D:12)
  19 dire elephants
  6 spark wasps
  Snorg (Lair:3)
  2 deep elf death magi (Vaults:3)
  3 merfolk javelineers
  An ettin (shapeshifter) (Vaults:2)
  The ghost of belenar the Basher, a journeyman GrGl of Okawaru (Lair:5)
  5 jiangshi (Depths:2)
  A large abomination (Vaults:3)
  7 ettins
  3 merfolk impalers (Shoals:4)
  Josephine (D:14)
  7 yaktaur captains
  4 fire dragons
  14 ogre magi
  4 great orbs of eyes
  A spriggan air mage (Depths:3)
  4 rakshasas
  9 hydras
  Fannar (D:10)
  Harold (D:10)
  An anaconda (Lair:6)
  7 vault guards
  2 merfolk avatars
  3 catoblepae
  Erica (Lair:2)
  10 centaur warriors
  12 merfolk aquamancers
  5 ice dragons
  2 satyrs (Shoals:4)
  46 two-headed ogres
  4 deep troll shamans
  4 vampire magi
  3 death knights
  5 tengu warriors
  3 death yaks (Shoals:2)
  4 deep troll earth magi
  An orc high priest (Orc:2)
  2 deep elf knights
  A shadow wraith (Vaults:3)
  2 iron trolls (Depths:3)
  3 unseen horrors
  4 skeletal warriors (Vaults:1)
  A sixfirhy (Depths:3)
  10 sea snakes
  A flayed ghost (Vaults:2)
  20 deep trolls
  3 gelid demonspawn (Depths:3)
  An obsidian statue (Vaults:1)
  3 deep elf archers
  A glowing orange brain (Depths:1)
  6 wizards
  2 phantasmal warriors
  The ghost of Buffagor the Carver, a novice NaFi of Cheibriados (D:6)
  13 ironbrand convokers
  2 lindwurms (Volcano)
  A necromancer (Vaults:2)
  11 orc knights
  25 harpies
  4 fauns
  15 orb spiders
  36 wolf spiders
  46 ugly things
  13 cyclopes
  8 deep elf magi
  4 moths of wrath
  A salamander (D:15)
  3 orc sorcerers
  A toenail golem (Volcano)
  10 manticores
  2 centaur zombies
  11 vault sentinels
  A guardian serpent (shapeshifter) (Depths:1)
  8 water nymphs
  10 merfolk sirens
  9 spiny frogs
  17 elephants
  2 human skeletons (Vaults:2)
  5 black mambas
  4 molten gargoyles (Volcano)
  5 spectral swamp worms
  7 freezing wraiths
  An efreet (Volcano)
  A kobold demonologist (D:13)
  A hellion (Depths:3)
  A rime drake (Lair:5)
  7 komodo dragons
  5 demonic crawlers
  39 yaktaurs
  2 yaktaurs (shapeshifter) (Depths:1)
  An ice devil (Depths:3)
  A troll (shapeshifter) (Depths:1)
  A tengu conjurer (D:13)
  25 jumping spiders
  17 trolls
  A meliai (shapeshifter) (Vaults:4)
  27 merfolk
  27 slime creatures
  2 wind drakes (Shoals:4)
  10 polar bears
  13 hippogriffs
  7 hornets
  Grinder (D:5)
  6 snapping turtles
  6 blink frogs (Lair:2)
  A frost giant simulacrum (Vaults:2)
  A centaur simulacrum (D:14)
  2 air elementals (Depths:3)
  3 wyverns
  3 vampires (Vaults:3)
  55 redbacks
  3 basilisks
  27 tarantellas
  9 wraiths
  2 fire elementals (Volcano)
  21 water elementals
  13 yaks
  A human (D:7)
  4 hogs (D:7)
  A soldier ant (shapeshifter) (D:14)
  7 wargs
  An infernal demonspawn zombie (Crypt:1)
  12 water moccasins
  3 soldier ants
  2 floating eyes
  7 porcupines
  Duvessa (D:6)
  3 sky beasts
  34 orc warriors
  A black bear (D:10)
  A hornet zombie (D:9)
  4 phantoms
  An eye of draining (D:15)
  10 wolves
  2 eyes of draining (shapeshifter)
  A human zombie (Vaults:2)
  51 ogres
  8 boggarts
  29 centaurs
  18 crocodiles
  3 big kobolds
  16 bullfrogs
  A wyvern zombie (D:14)
  A glowing shapeshifter simulacrum (Vaults:2)
  An earth elemental (Volcano)
  Dowan (D:6)
  A water moccasin skeleton (D:8)
  A wyvern skeleton (D:10)
  7 scorpions
  12 wights
  11 killer bees
  3 electric eels
  2 bullfrog zombies
  5 crimson imps
  12 hounds
  2 quasits
  19 orc priests
  16 jellies
  16 orc wizards
  2 bullfrog skeletons
  5 centaur skeletons
  4 iguanas
  Natasha (D:2)
  11 worker ants
  2 hound zombies
  A hound skeleton (D:9)
  3 worker ant zombies
  8 gnolls
  6 adders
  7 shadow imps
  3 white imps (Depths:3)
  An ufetubus (Depths:3)
  An ooze (D:2)
  An adder zombie (D:5)
  A worm (shapeshifter) (Vaults:3)
  A worm (D:2)
  2 dart slugs
  6 leopard geckos
  77 orcs
  7 giant cockroaches
  5 goblins
  4 hobgoblins
  7 jackals
  A quokka (D:5)
  2 ball pythons
  6 bats
  2 frilled lizards (D:2)
  2 jackal skeletons
  15 kobolds
  A leopard gecko skeleton (D:7)
  A quokka skeleton (D:8)
  A quokka zombie (D:7)
  5 rats
  A crawling corpse (Vaults:3)
  8 plants
1523 creatures vanquished.

Vanquished Creatures (collateral kills)
  Sojobo (Depths:2)
1 creature vanquished.

Vanquished Creatures (others)
  A water elemental (Shoals:2)
  86 fungi
  64 plants
  5 tentacles (Shoals:2)
156 creatures vanquished.

Grand Total: 1680 creatures vanquished

Notes
Turn   | Place    | Note
-------+----------+-------------------------------------------
     0 | D:1      | Faca the Centaur Hunter began the quest for the Orb.
     0 | D:1      | Reached XP level 1. HP: 17/17 MP: 1/1
   267 | D:1      | Reached XP level 2. HP: 22/24 MP: 2/2
  1032 | D:2      | Reached XP level 3. HP: 30/30 MP: 3/3
  1034 | D:2      | Found a transporter.
  1038 | D:2      | Found a transporter.
  1046 | D:2      | Noticed a hornet
  1048 | D:2      | Found a shimmering altar of Xom.
  1604 | D:3      | Reached skill level 6 in Bows
  1864 | D:3      | Noticed Natasha
  2135 | D:2      | Killed Natasha
  2135 | D:2      | Reached XP level 4. HP: 23/37 MP: 4/4
  2319 | D:3      | Reached skill level 1 in Polearms
  2533 | D:4      | Noticed an ogre
  2610 | D:3      | Killed an ogre
  2610 | D:3      | Reached XP level 5. HP: 36/45 MP: 5/5
  3162 | D:4      | Reached skill level 7 in Bows
  3162 | D:4      | Reached XP level 6. HP: 30/51 MP: 6/6
  3887 | D:5      | Entered Level 5 of the Dungeon
  4503 | D:5      | Reached XP level 7. HP: 57/57 MP: 7/7
  4572 | D:5      | Found a glowing golden altar of the Shining One.
  4583 | D:5      | Found a deep blue altar of Sif Muna.
  4585 | D:5      | Found a shadowy altar of Dithmenos.
  4587 | D:5      | Found a hazy altar of Hepliaklqana.
  4700 | D:5      | Noticed Grinder
  4738 | D:5      | Found a burning altar of Makhleb.
  4775 | D:5      | Reached skill level 8 in Bows
  6190 | D:6      | Found a staircase to the Ecumenical Temple.
  6202 | Temple   | Entered the Ecumenical Temple
  6206 | Temple   | Became a worshipper of Warmaster Okawaru
  6537 | D:6      | Reached XP level 8. HP: 35/63 MP: 8/8
  6775 | D:6      | Noticed Duvessa
  6789 | D:6      | Noticed Dowan
  6831 | D:6      | Killed Duvessa
  6831 | D:6      | Reached skill level 9 in Bows
  6847 | D:6      | Killed Dowan
  7323 | D:6      | Noticed Buffagor's ghost (novice NaFi)
  7593 | D:6      | Reached * piety under Okawaru
  7682 | D:7      | Reached skill level 5 in Polearms
  7990 | D:7      | Reached skill level 5 in Dodging
  8192 | D:7      | Found a white marble altar of Elyvilon.
  8210 | D:7      | Reached skill level 10 in Bows
  8270 | D:7      | Found a bloodstained altar of Trog.
  8282 | D:7      | Identified a scroll of acquirement
  8470 | D:6      | Killed Buffagor's ghost
  8470 | D:6      | Reached ** piety under Okawaru
  8470 | D:6      | Reached XP level 9. HP: 65/69 MP: 9/9
  9161 | D:7      | Reached skill level 11 in Bows
 10639 | D:7      | Reached *** piety under Okawaru
 10948 | D:8      | Found a shimmering altar of Xom.
 10948 | D:8      | Found a shimmering altar of Xom.
 10948 | D:8      | Found a shimmering altar of Xom.
 10948 | D:8      | Found a shimmering altar of Xom.
 10949 | D:8      | Found a shimmering altar of Xom.
 10949 | D:8      | Found a shimmering altar of Xom.
 10949 | D:8      | Found a shimmering altar of Xom.
 10996 | D:8      | Noticed a two-headed ogre
 11288 | D:8      | Killed a two-headed ogre
 11288 | D:8      | Reached skill level 12 in Bows
 11288 | D:8      | Reached XP level 10. HP: 58/77 MP: 10/10
 11805 | D:8      | Noticed a manticore
 11823 | D:8      | Found a stormy altar of Qazlal.
 12152 | D:8      | Noticed a salamander
 12426 | D:9      | Found a staircase to the Lair.
 12466 | D:9      | Found Heoppeam's Hallowed Reliquary.
 12466 | D:9      | Found a glowing silver altar of Zin.
 12466 | D:9      | Noticed an angel
 12474 | D:9      | Bought a scroll of holy word for 97 gold pieces
 12534 | D:9      | Received a gift from Okawaru
 13114 | D:9      | Noticed a two-headed ogre
 13179 | D:9      | Killed a two-headed ogre
 13179 | D:9      | Reached **** piety under Okawaru
 13179 | D:9      | Received a gift from Okawaru
 13841 | D:9      | Reached skill level 13 in Bows
 13947 | D:9      | Got a scorched amber ring
 13952 | D:9      | Got a glittering brass amulet
 13972 | D:9      | Got a warped platinum ring
 14016 | D:9      | Received a gift from Okawaru
 14044 | D:9      | Got a glittering golden ring
 14052 | D:9      | Identified the ring of Yhyotum {*Contam rPois rN+ SInv} (You found it on level 9 of the Dungeon)
 14053 | D:9      | Identified the amulet of Ginurgh {Faith rN+ Int-3 Dex+4} (You found it on level 9 of the Dungeon)
 14055 | D:9      | Identified the cursed ring "Etaoqiocvo" {-Tele Str-2 Int+4} (You found it on level 9 of the Dungeon)
 14058 | D:9      | Identified the cursed ring "Kucionoki" {rF+ MR+ Dex-5} (You found it on level 9 of the Dungeon)
 14132 | D:9      | Noticed a six-headed hydra
 14144 | D:9      | Killed a six-headed hydra
 14172 | D:10     | Entered Level 10 of the Dungeon
 14196 | D:10     | Reached XP level 11. HP: 82/82 MP: 11/11
 14357 | D:10     | Reached ***** piety under Okawaru
 14809 | D:10     | Found Qaaplew's Distillery.
 14812 | D:10     | Bought a potion of might for 44 gold pieces
 14865 | D:10     | Noticed Fannar
 14972 | D:10     | Found a staircase to the Orcish Mines.
 14973 | D:10     | Found Tuppaiha's General Store.
 15163 | D:10     | Noticed a green ugly thing
 15163 | D:10     | Noticed a green very ugly thing
 15188 | Lair:1   | Entered Level 1 of the Lair of Beasts
 15229 | Lair:1   | Got a scorched wooden ring
 15236 | Lair:1   | Received a gift from Okawaru
 15239 | Lair:1   | Identified the ring "Kogisyss" {Fire Int+4 Dex+2} (You found it on level 1 of the Lair of Beasts)
 16526 | Lair:1   | Reached skill level 14 in Bows
 16882 | Lair:1   | Received a gift from Okawaru
 17646 | Lair:2   | Received a gift from Okawaru
 18319 | Lair:2   | Got a fine short sword
 18320 | Lair:2   | Identified the +1 short sword of Kyseecen {venom, Str+3 Dex+3 Stlth+} (You found it on level 2 of the Lair of Beasts)
 18403 | Lair:2   | Noticed Erica
 18421 | Lair:2   | Killed Erica
 18421 | Lair:2   | Reached skill level 10 in Polearms
 18988 | Lair:3   | Received a gift from Okawaru
 19046 | Lair:3   | Noticed Snorg
 19121 | Lair:3   | Reached XP level 12. HP: 87/89 MP: 12/12
 19136 | Lair:3   | Killed Snorg
 19136 | Lair:3   | Reached skill level 15 in Bows
 19268 | Lair:3   | Found a hole to the Spider Nest.
 19456 | Lair:3   | Found a deep blue altar of Sif Muna.
 20423 | Lair:3   | Noticed Rupert
 20614 | Lair:4   | Received a gift from Okawaru
 20905 | Lair:3   | Reached ****** piety under Okawaru
 21239 | Lair:4   | Reached skill level 16 in Bows
 21369 | Lair:4   | Received a gift from Okawaru
 21388 | Lair:4   | Found a staircase to the Shoals.
 21756 | Lair:5   | Found a staircase to the Slime Pits.
 22006 | Lair:5   | Reached skill level 10 in Dodging
 22249 | Lair:5   | Noticed belenar's ghost (journeyman GrGl)
 22290 | Lair:5   | Killed belenar's ghost
 22290 | Lair:5   | Received a gift from Okawaru
 22290 | Lair:5   | Reached XP level 13. HP: 76/97 MP: 11/13
 22291 | Lair:5   | Got an ancient shortbow {god gift}
 22321 | Lair:5   | Identified the +12 shortbow of Boeniucw {speed, rC- MR+ MP+9 Str+2} (Okawaru gifted it to you on level 5 of the Lair of Beasts)
 23034 | Lair:6   | Entered Level 6 of the Lair of Beasts
 23114 | Lair:6   | Received a gift from Okawaru
 23122 | Lair:6   | Reached skill level 5 in Fighting
 23123 | Lair:6   | Got an agate-studded scale mail {god gift}
 23134 | Lair:6   | Identified the +6 scale mail "Yrruphuhi" {-Tele rElec Int+3} (Okawaru gifted it to you on level 6 of the Lair of Beasts)
 23420 | Lair:6   | Found a dark tunnel.
 23429 | Volcano  | Entered a volcano
 24439 | Lair:6   | Noticed a dire elephant
 24457 | Lair:6   | Killed a dire elephant
 24457 | Lair:6   | Reached skill level 17 in Bows
 24475 | Lair:6   | Noticed a dire elephant
 24490 | Lair:6   | Killed a dire elephant
 24490 | Lair:6   | Received a gift from Okawaru
 24492 | Lair:6   | Noticed a dire elephant
 24508 | Lair:6   | Killed a dire elephant
 24508 | Lair:6   | Received a gift from Okawaru
 24610 | Lair:6   | Noticed a dire elephant
 24637 | Lair:6   | Killed a dire elephant
 24698 | Lair:6   | Received a gift from Okawaru
 24699 | Lair:6   | Got slimy gold dragon scales {god gift}
 24736 | Lair:6   | Identified the +4 gold dragon scales of Absolutism {rPois rF+ rC+ Dex+4} (Okawaru gifted it to you on level 6 of the Lair of Beasts)
 24810 | Lair:6   | Noticed a dire elephant
 24810 | Lair:6   | Noticed a dire elephant
 24849 | Lair:6   | Killed a dire elephant
 24853 | Lair:6   | Killed a dire elephant
 25420 | D:10     | Noticed Harold
 25441 | D:10     | Killed Harold
 25628 | D:10     | Killed a brown very ugly thing
 25628 | D:10     | Reached XP level 14. HP: 113/113 MP: 14/14
 25880 | Orc:1    | Entered Level 1 of the Orcish Mines
 26027 | Orc:2    | Entered Level 2 of the Orcish Mines
 26317 | Orc:2    | Found a staircase to the Elven Halls.
 26439 | Orc:2    | Received a gift from Okawaru
 26469 | Orc:2    | Received a gift from Okawaru
 26470 | Orc:2    | Got a crystal quarterstaff {god gift}
 26538 | Orc:2    | Identified the +6 quarterstaff "Joadeumu" {drain, rC+ Int-2 Stlth+} (Okawaru gifted it to you on level 2 of the Orcish Mines)
 26719 | Orc:2    | Reached skill level 18 in Bows
 27254 | Orc:2    | Reached skill level 1 in Invocations
 27312 | Orc:2    | Found Siegupu's General Store.
 27412 | Orc:2    | Noticed an orc warlord
 27434 | Orc:2    | Received a gift from Okawaru
 27790 | Orc:1    | Killed an orc warlord
 28278 | Orc:2    | Found Caov's Armour Boutique.
 28290 | Orc:2    | Found Cujejoasm's Jewellery Boutique.
 28425 | Orc:2    | Found Liyf's Book Shoppe.
 28430 | Orc:2    | Found Ipoud's Book Shop.
 28641 | Orc:1    | Received a gift from Okawaru
 29179 | Orc:1    | Found a roughly hewn altar of Beogh.
 29348 | D:11     | Noticed Gastronok
 29366 | D:11     | Killed Gastronok
 29549 | D:11     | Received a gift from Okawaru
 29577 | D:11     | Reached XP level 15. HP: 124/124 MP: 16/17
 30692 | D:12     | Received a gift from Okawaru
 30766 | D:12     | Noticed Frances
 31908 | D:5      | Killed Grinder
 32106 | D:10     | Killed Fannar
 32492 | D:12     | Killed Frances
 32625 | D:12     | Noticed Nessos
 32632 | D:12     | Killed Nessos
 33612 | D:13     | Received a gift from Okawaru
 34222 | D:13     | Reached skill level 5 in Invocations
 34826 | D:14     | Received a gift from Okawaru
 35186 | D:14     | Paralysed by an ogre mage for 6 turns
 35252 | D:14     | Received a gift from Okawaru
 35344 | D:14     | Reached skill level 19 in Bows
 35349 | D:14     | Reached skill level 10 in Fighting
 35354 | D:14     | Received a gift from Okawaru
 35355 | D:14     | Got a steaming shortbow {god gift}
 35380 | D:14     | Identified the +11 shortbow "Qoipn" {velocity, *Corrode rElec rC++} (Okawaru gifted it to you on level 14 of the Dungeon)
 35574 | D:14     | Found a sacrificial altar of Ru.
 35730 | D:14     | Noticed Josephine
 35736 | D:14     | Killed Josephine
 35785 | D:14     | Found a gate to the Vaults.
 36140 | D:15     | Entered Level 15 of the Dungeon
 36208 | D:15     | Got a scorched iron amulet
 36503 | D:15     | Received a gift from Okawaru
 36636 | D:15     | Received a gift from Okawaru
 36807 | D:15     | Identified the amulet "Vegyett" {*Slow +Rage rC+ Str+5} (You found it on level 15 of the Dungeon)
 36874 | D:15     | Found a staircase to the Depths.
 36907 | D:15     | Reached XP level 16. HP: 135/135 MP: 21/21
 37032 | D:15     | Found a glowing golden altar of the Shining One.
 37171 | D:15     | Found Faeptur's Distillery.
 37682 | Lair:4   | Killed Rupert
 37930 | Shoals:1 | Entered Level 1 of the Shoals
 37934 | Shoals:1 | Received a gift from Okawaru
 38021 | Shoals:1 | Found Niommoj's Book Boutique.
 38025 | Shoals:1 | Found Temaf's Weapon Shoppe.
 38134 | Shoals:1 | Found Uwkifyd's Food Boutique.
 38380 | Shoals:1 | Found Gurory's Food Shop.
 38419 | Shoals:1 | Noticed severenx's ghost (adept OpBe)
 38432 | Shoals:1 | Killed severenx's ghost
 38432 | Shoals:1 | Received a gift from Okawaru
 39541 | Shoals:2 | Noticed a kraken
 39958 | Shoals:2 | Noticed Polyphemus
 39984 | Shoals:2 | Killed Polyphemus
 41242 | Shoals:3 | Received a gift from Okawaru
 41402 | Shoals:4 | Entered Level 4 of the Shoals
 41810 | Shoals:4 | Received a gift from Okawaru
 41943 | Shoals:4 | Reached skill level 20 in Bows
 42189 | Shoals:4 | Got a barnacled rune of Zot
 42417 | Shoals:4 | Reached XP level 17. HP: 58/144 MP: 23/23
 42576 | Shoals:4 | Found the cursed +14 obsidian axe {chop, +Fly SInv *Curse}
 42906 | Shoals:4 | Noticed mg7810's ghost (adept HOFi)
 42944 | Shoals:4 | Killed mg7810's ghost
 43162 | Shoals:4 | Got a brightly glowing lajatang {speed}
 43163 | Shoals:4 | Identified the +6 lajatang "Lifiwica" {speed, +Rage rElec rC++ Str-5} (You took it off a merfolk on level 4 of the Shoals)
 43218 | Shoals:4 | HP: 1/146 [water elemental (12)]
 43571 | Spider:1 | Entered Level 1 of the Spider Nest
 43931 | Spider:1 | Received a gift from Okawaru
 44978 | Spider:2 | Received a gift from Okawaru
 44978 | Spider:2 | Reached skill level 15 in Polearms
 47022 | Spider:3 | Received a gift from Okawaru
 47024 | Spider:3 | Got a crystal triple crossbow {god gift}
 47041 | Spider:3 | Identified the +12 triple crossbow of Responsibility {elec, Int+4} (Okawaru gifted it to you on level 3 of the Spider Nest)
 47068 | Spider:3 | Reached skill level 21 in Bows
 47903 | Spider:4 | Entered Level 4 of the Spider Nest
 48051 | Spider:4 | Reached XP level 18. HP: 145/157 MP: 24/24
 48129 | Spider:4 | Received a gift from Okawaru
 48999 | Spider:4 | Got a gossamer rune of Zot
 49271 | Spider:4 | Got a shimmering centaur barding
 49283 | Spider:4 | Identified the +3 centaur barding "Leedd" {rElec} (You acquired it on level 4 of the Spider Nest)
 49544 | Vaults:1 | Entered Level 1 of the Vaults
 49571 | Vaults:1 | Received a gift from Okawaru
 49712 | Vaults:1 | Got a distressingly furry robe {god gift}
 49723 | Vaults:1 | Identified the +1 robe "Wanyed" {rF- rN+ Int+8} (Okawaru gifted it to you on level 1 of the Vaults)
 50321 | Vaults:1 | Reached skill level 22 in Bows
 50894 | Vaults:1 | Received a gift from Okawaru
 51228 | Vaults:1 | Received a gift from Okawaru
 51290 | Vaults:1 | Received a gift from Okawaru
 51830 | Vaults:1 | Reached XP level 19. HP: 168/168 MP: 25/25
 53175 | Vaults:2 | Found Watt's Jewellery Shoppe.
 53525 | Vaults:2 | Received a gift from Okawaru
 53536 | Vaults:2 | Got a steaming halberd {god gift}
 53560 | Vaults:2 | Identified the +0 halberd of Fortitude {chop, *Noise MR+ Dex+3 SInv} (Okawaru gifted it to you on level 2 of the Vaults)
 53714 | Vaults:2 | Reached skill level 15 in Fighting
 54464 | Vaults:3 | Reached skill level 23 in Bows
 54904 | Vaults:3 | Received a gift from Okawaru
 54905 | Vaults:3 | Found the +8 storm bow {elec}
 55002 | Vaults:3 | Got a pitted glaive
 55003 | Vaults:3 | Identified the +9 glaive "Nuegausm" {chop, rF+ Dex+6} (You found it on level 3 of the Vaults)
 55527 | Vaults:2 | Noticed Frederick
 55535 | Vaults:2 | Killed Frederick
 55683 | Vaults:2 | Reached skill level 15 in Dodging
 56385 | Vaults:3 | Received a gift from Okawaru
 56386 | Vaults:3 | Got a slimy great sword {god gift}
 56906 | Vaults:3 | Reached XP level 20. HP: 100/180 MP: 26/26
 57102 | Vaults:3 | Identified the +7 great sword of Skirmishing {holy, Str+3 Int+4 Stlth+} (Okawaru gifted it to you on level 3 of the Vaults)
 57429 | Vaults:3 | Received a gift from Okawaru
 57555 | Vaults:3 | Found a staircase to the Crypt.
 58129 | Vaults:3 | Found Bine's Food Boutique.
 58562 | Vaults:4 | Received a gift from Okawaru
 58571 | Vaults:4 | Reached skill level 24 in Bows
 59628 | Vaults:4 | Received a gift from Okawaru
 59720 | Vaults:4 | Received a gift from Okawaru
 60094 | Crypt:1  | Entered Level 1 of the Crypt
 60277 | Depths:1 | Entered Level 1 of the Depths
 60901 | Depths:1 | Found a one-way gate to the infinite horrors of the Abyss.
 60909 | Depths:1 | Received a gift from Okawaru
 61300 | Depths:1 | Received a gift from Okawaru
 61335 | Depths:1 | Received a gift from Okawaru
 61885 | Depths:1 | Reached XP level 21. HP: 191/191 MP: 27/27
 61905 | Depths:1 | Found Woicopt's Gadget Emporium.
 61913 | Depths:1 | Found Uvoppoq's Jewellery Boutique.
 61915 | Depths:1 | Found Neuxoegh's Gadget Emporium.
 61926 | Depths:1 | Found a gateway to Hell.
 61944 | Depths:1 | Bought a cursed ring of loudness for 76 gold pieces
 62817 | Depths:2 | Received a gift from Okawaru
 63170 | Depths:2 | Received a gift from Okawaru
 63170 | Depths:2 | Reached skill level 25 in Bows
 64657 | Depths:3 | Noticed Sojobo
 64854 | Depths:3 | Received a gift from Okawaru
 65221 | Depths:3 | Got a polished longbow {god gift}
 65222 | Depths:3 | Identified the +8 longbow of Accidental Termination {flame, rF+ Dex+3} (Okawaru gifted it to you on level 3 of the Depths)
 65321 | Depths:3 | Found a gateway to a ziggurat.
 65430 | Depths:3 | Received a gift from Okawaru
 65532 | Depths:3 | Paralysed by a floating eye for 2 turns
 65812 | Depths:2 | Killed Sojobo
 65812 | Depths:2 | Received a gift from Okawaru
 66542 | Depths:3 | Found a white marble altar of Elyvilon.
 66548 | Depths:3 | Found a glowing golden altar of the Shining One.
 66550 | Depths:3 | Found a glowing silver altar of Zin.
 66611 | Depths:3 | Found a one-way gate leading to the halls of Pandemonium.
 66914 | Depths:3 | Noticed a golden dragon
 66914 | Depths:3 | Noticed a juggernaut
 66916 | Depths:3 | Noticed a caustic shrike
 66959 | Depths:2 | Slain by a caustic shrike

Skill      XL: |  1  2  3  4  5  6  7  8  9 10 11 12 13 14 15 16 17 18 19 20 21 |
---------------+----------------------------------------------------------------+-----
Dodging        | 2 3 4 5 6 7 8 10 11 12 13 14 15 16 | 16.7
Bows           | 6 7 8 10 12 13 14 16 17 18 19 20 21 22 23 24 25 | 25.7
Fighting       | 3 4 7 9 10 11 13 14 15 17 18 | 18.1
Polearms       | 1 2 3 4 6 7 8 10 11 12 13 14 15 | 15.0
Invocations    | 3 6 9 |  9.0
Stealth        | |  0.4

Action                   |  1- 3 |  4- 6 |  7- 9 | 10-12 | 13-15 | 16-18 | 19-21 || total
-------------------------+-------+-------+-------+-------+-------+-------+-------++-------
Melee: Short sword       |    58 |       |       |       |       |       |       ||    58
       Kick              |    27 |    25 |   101 |   346 |   580 |    73 |       ||  1152
       Spear             |   101 |   136 |    92 |  1145 |  1345 |       |       ||  2819
       Trident           |       |       |   396 |    71 |       |       |       ||   467
       Punch             |       |       |       |     1 |       |       |       ||     1
       Glaive            |       |       |       |       |    36 |       |       ||    36
       Demon trident     |       |       |       |       |    63 |   200 |       ||   263
 Fire: Shortbow          |       |       |    56 |    47 |   629 |   771 |    70 ||  1573
       Longbow           |       |       |       |    52 |    71 |  1037 |  1833 ||  2993
Invok: Heroism           |       |       |       |     3 |     2 |     1 |       ||     6
 Abil: Stop Flying       |       |       |       |       |       |     1 |       ||     1
Evoke: Wand              |       |       |       |       |       |       |     2 ||     2
  Use: Scroll            |     3 |     2 |     9 |    18 |    11 |    18 |    13 ||    74
       Potion            |       |       |     4 |     1 |     1 |    18 |     2 ||    26
 Stab: Fleeing           |       |       |       |     4 |       |       |       ||     4
       Distracted        |       |       |       |     1 |       |       |       ||     1
       Sleeping          |       |       |       |       |     2 |     1 |       ||     3
  Eat: Chunk             |     2 |       |     1 |     3 |    12 |     8 |     8 ||    34
       Ration            |     1 |     2 |     5 |     8 |     7 |     9 |     8 ||    40
Armor: Leather armour    |    51 |    17 |    14 |       |       |       |       ||    82
       Ring mail         |       |       |   116 |   106 |       |       |       ||   222
       Skin              |       |       |     7 |    18 |       |       |       ||    25
       Troll leather arm |       |       |       |   114 |   233 |   224 |   235 ||   806
Dodge: Dodged            |    70 |    31 |   169 |   382 |   612 |   570 |   576 ||  2410
       Deflected         |       |       |     5 |     2 |       |       |       ||     7
